Map: King Sejong Station LE

Players

Watcher - Winner!

  • Race: Protoss Protoss

Gracz

  • Race: Terran Terran
  • League: Silver

VOD

Have the link to the VOD?

Description

Time

  • Played on: Oct. 22, 2016, 12:41 p.m.
  • Length: 8:12
Show
View Real Time Build Order
Export as new Build Order

Watcher Protoss - Winner!

Build Orders:  

Get SALT Encoding   

  12  0:02  Probe (Chrono Boost)  
  13  0:13  Probe (Chrono Boost)  
  14  0:22  Pylon  
  14  0:23  Probe (Chrono Boost)  
  15  0:31  Assimilator  
  15  0:40  Probe (Chrono Boost)  
  16  0:44  Gateway  
  16  0:51  Probe (Chrono Boost)  
  17  1:01  Gateway  
  17  1:02  Probe (Chrono Boost)  
  18  1:13  Pylon  
  18  1:16  Probe (Chrono Boost)  
  19  1:29  Zealot  
  21  1:35  Cybernetics Core  
  21  1:49  Probe (Chrono Boost), Zealot  
  24  2:01  Zealot  
  26  2:14  Unknown, Nexus  
  26  2:22  Adept  
  28  2:26  Probe (Chrono Boost)  
  28  2:29  Adept  
  31  2:38  Pylon  
  31  2:56  Adept  
  31  2:58  Adept, Probe (Chrono Boost)  
  34  3:02  Twilight Council  
  36  3:10  Probe (Chrono Boost)  
  37  3:22  Pylon, Probe (Chrono Boost)  
  37  3:26  Unknown  
  38  3:29  Adept  
  38  3:31  Resonating Glaives  
  38  3:32  Adept  
  43  3:34  Probe (Chrono Boost)  
  43  3:35  Probe (Chrono Boost)  
  44  3:46  Probe x2 (Chrono Boost)  
  46  3:56  Stalker, Probe (Chrono Boost)  
  46  3:58  Probe (Chrono Boost)  
  46  4:01  Stalker  
  52  4:07  Probe (Chrono Boost)  
  54  4:10  Probe (Chrono Boost)  
  54  4:18  Probe (Chrono Boost)  
  54  4:23  Probe (Chrono Boost)  
  56  4:28  Probe (Chrono Boost)  
  56  4:30  Stalker  
  59  4:35  Probe (Chrono Boost)  
  60  4:39  Probe (Chrono Boost)  
  62  4:47  Probe (Chrono Boost)  
  62  4:49  Probe (Chrono Boost)  
  61  4:59  Probe (Chrono Boost)  
  62  5:18  Pylon  
  62  5:36  Adept x2  
  66  5:51  Warp Gate  
  66  6:02  Stalker x2  
  68  6:23  Assimilator  
  64  6:32  Stalker x2  
  68  6:59  Forge  
  68  7:00  Probe (Chrono Boost)  
  70  7:01  Probe (Chrono Boost)  
  70  7:02  Pylon  
  70  7:04  Cybernetics Core  
  70  7:07  Pylon  
  70  7:14  Assimilator  
  70  7:15  Unknown, Nexus  
  70  7:17  Assimilator  
  70  7:19  Stalker  
  70  7:20  Stalker, Probe (Chrono Boost)  
  70  7:21  Probe (Chrono Boost)  
  74  7:30  Probe (Chrono Boost)  
  74  7:34  Assimilator, Probe (Chrono Boost)  
  74  7:35  Assimilator  
  76  7:41  Probe (Chrono Boost)  
  78  7:46  Probe (Chrono Boost)  
  80  7:51  Probe (Chrono Boost)  
  80  7:53  Gateway  
  80  7:55  Gateway  
  80  7:56  Gateway  
  80  7:58  Probe (Chrono Boost)  
  82  7:59  Gateway  
Show
View Real Time Build Order
Export as new Build Order

Gracz Terran 

Build Orders: 1/1/1 

Get SALT Encoding   

  12  0:01  SCV  
  13  0:18  Supply Depot, SCV  
  14  0:31  Refinery  
  14  0:32  SCV  
  15  0:42  Barracks  
  15  0:45  SCV  
  16  0:57  SCV  
  17  1:04  Refinery  
  17  1:10  SCV  
  18  1:22  SCV  
  19  1:32  Supply Depot  
  19  1:34  SCV  
  19  1:36  Barracks Tech Lab  
  20  1:40  Factory  
  20  1:49  Orbital Command  
  20  1:59  Barracks  
  20  2:23  Starport  
  20  2:30  Factory  
  20  2:35  Marauder  
  22  2:39  Factory Tech Lab  
  22  2:48  Barracks Reactor, SCV  
  23  3:00  SCV  
  23  3:01  Starport Reactor  
  24  3:22  Factory Tech Lab  
  24  3:24  Unknown, Command Center  
  24  3:25  Marine x2  
  26  3:29  SCV  
  27  3:39  Medivac  
  29  3:42  Medivac  
  31  4:14  Supply Depot  
  31  4:24  Marine x2  
  31  4:36  Cyclone, Marauder  
  33  4:53  Supply Depot  
  33  4:55  Cyclone  
  35  5:02  Liberator  
  32  5:15  Marine x2  
  32  5:16  Marauder  
  32  5:17  Cyclone  
  34  5:39  Unknown, Command Center  
  30  5:58  Marine x2  
  28  6:34  Marine x2  
  25  6:48  Orbital Command  
  25  6:50  Unknown  
  25  6:52  Marine x2  
  20  7:43  Refinery  
  20  7:44  Refinery  
  20  7:46  Barracks  
  20  7:55  Supply Depot  
Tags
 
Add a new tag
Caveats
  • Supply blocks, unpowered buildings, or Contaminate may cause inaccurate times.
  • Supply counts are checked every 10 seconds.